 Dungeon Crawl Stone Soup version 0.19-a0-810-ge4e7c75 (webtiles) character file.

15361 Magifyre the Arsonist (level 12, -4/59 HPs)
             Began as a Deep Elf Fire Elementalist on June 27, 2016.
             Was an Elder of Vehumet.
             Slain by a porcupine (6 damage)
             ... on level 3 of the Lair of Beasts on June 28, 2016.
             The game lasted 01:15:35 (13731 turns).

Magifyre the Arsonist (Deep Elf Fire Elementalist) Turns: 13731, Time: 01:15:36

Health: -4/59      AC:  8    Str:  5    XL:     12   Next: 0%
Magic:  10/47      EV: 13    Int: 26    God:    Vehumet [****..]
Gold:   711        SH:  5    Dex: 15    Spells: 5 memorised, 18 levels left

rFire  . . .     SeeInvis .     Q - +2 hand axe of the Mouth {flame, *Rage rN+ MR+}
rCold  . . .     Gourm    .     a - +0 robe
rNeg   + . .     Faith    .     y - +0 buckler
rPois  .         Spirit   .     p - +2 helmet
rElec  .         Dismiss  .     (no cloak)
rCorr  .         Reflect  .     A - +1 pair of gloves
SustAt .         Harm     .     M - +0 pair of boots
MR     ++...     Rnd*Rage +     (no amulet)
Stlth  ++........               H - ring of magical power
                                e - ring of magical power

@: very resistant to hostile enchantments, unstealthy
A: no striking features
a: Renounce Religion


You were on level 3 of the Lair of Beasts.
You worshipped Vehumet.
Vehumet was greatly pleased with you.
You were not hungry.

You visited 3 branches of the dungeon, and saw 12 of its levels.

You collected 711 gold pieces.

Inventory:

Hand Weapons
 f - a +2 spear of freezing
 Q - the +2 hand axe of the Mouth (weapon) {flame, *Rage rN+ MR+}
   (You found it on level 1 of the Lair of Beasts)

   It has been specially enchanted to burn those struck by it, causing extra
   injury to most foes and up to half again as much damage against particularly
   susceptible opponents.
   Big, fiery blades are also staple armaments of hydra-hunters.
   It protects you from negative energy.
   It affects your resistance to hostile enchantments.
   It may make you go berserk in combat.
Missiles
 C - 2 throwing nets (quivered)
Armour
 a - a +0 robe (worn)
 p - a +2 helmet (worn)
 y - a +0 buckler (worn)
 A - a +1 pair of gloves (worn)
 M - a +0 pair of boots (worn)
Jewellery
 e - a ring of magical power (left hand)
 G - a +4 ring of evasion
 H - a ring of magical power (right hand)
 V - a cursed -2 ring of protection {unknown}
Wands
 t - a wand of flame (16/48)
 x - a wand of enslavement (11/24)
 F - a wand of lightning (11/15)
 I - a wand of polymorph (9/24)
 L - a wand of disintegration (12/24)
 N - a wand of acid (3/15)
 T - a wand of polymorph (8/24)
Scrolls
 h - 5 scrolls of identify
 i - 2 scrolls of magic mapping
 j - a scroll of enchant armour
 l - a scroll of recharging
 m - a scroll of immolation
 n - 6 scrolls of random uselessness {unknown}
 q - 5 scrolls of teleportation {unknown}
 s - 2 scrolls of noise {unknown}
 w - 7 scrolls of remove curse
 z - a scroll of fear {unknown}
 D - a scroll of acquirement {unknown}
 J - a scroll of enchant weapon {unknown}
 W - a scroll of holy word {unknown}
Potions
 d - a potion of might
 g - 7 potions of curing
 r - 6 potions of lignification
 u - 3 potions of brilliance
 E - 2 potions of heal wounds
 O - a potion of cure mutation
 P - a potion of agility {unknown}
 R - a potion of resistance {unknown}
 U - a potion of haste {unknown}
Books
 b - a book of Flames

   Spells                             Type                      Level
   a - Flame Tongue                   Conjuration/Fire             1
   b - Throw Flame                    Conjuration/Fire             2
   c - Conjure Flame                  Conjuration/Fire             3
   d - Inner Flame                    Hexes/Fire                   3
   e - Sticky Flame                   Conjuration/Fire             4
   f - Fireball                       Conjuration/Fire             5
 S - a book of the Warp

   Spells                             Type                      Level
   a - Recall                         Summoning/Translocation      3
   b - Gell's Gravitas                Hexes/Translocation          3
   c - Force Lance                    Conjuration/Translocation    4
   d - Warp Weapon                    Charms/Translocation         5
   e - Summon Forest                  Summoning/Translocation      5
Comestibles
 c - 8 bread rations
 v - 4 meat rations
 B - 3 beef jerkies
 K - 4 fruits


   Skills:
 + Level 4.0 Axes
 - Level 2.4 Dodging
 - Level 2.4 Stealth
 - Level 5.2 Shields
 + Level 11.4 Spellcasting
 * Level 12.0 Conjurations
 * Level 12.2 Fire Magic


You had 18 spell levels left.
You knew the following spells:

 Your Spells              Type           Power        Failure   Level  Hunger
a - Flame Tongue          Conj/Fire      #####        1%          1    None
b - Throw Flame           Conj/Fire      ######       1%          2    None
c - Conjure Flame         Conj/Fire      ######..     1%          3    None
d - Sticky Flame          Conj/Fire      ######..     1%          4    None
e - Fireball              Conj/Fire      ######....   1%          5    ###....


Dungeon Overview and Level Annotations

Branches:
Dungeon (8/15)             Temple (1/1) D:4            Lair (3/6) D:8
 Shoals (0/4) Lair:3        Snake (0/4) Lair:3

Altars:
Ashenzari
Cheibriados
Dithmenos
Elyvilon
Fedhas
Gozag
Hepliaklqana
Kikubaaqudgha
Makhleb
Okawaru
Pakellas
Qazlal
Ru
Sif Muna
Trog
Uskayaw
Vehumet
Xom
Yredelemnul
Zin
The Shining One

Shops:
D:4 !   D:5 :   D:7 (

Annotations:
D:7 Joseph


Message History

The water moccasin bites you but does no damage.
As you read the scroll labeled HIGASCH DIXU, it crumbles to dust.
It is a scroll of recharging.
Charge which item? (? for menu, Esc to quit)
Your wand of flame glows for a moment.
The water moccasin closely misses you. The eight-headed hydra bites you! x2
The eight-headed hydra bites you but does no damage.
The eight-headed hydra bites you!
* * * LOW HITPOINT WARNING * * *
The eight-headed hydra bites you but does no damage.
You block the eight-headed hydra's attack.
The eight-headed hydra closely misses you.
The eight-headed hydra bites you!
* * * LOW HITPOINT WARNING * * *
Unknown command.
As you read the scroll labeled NICVOSEAJA, it crumbles to dust.
The creatures around you are filled with an inner flame!
It was a scroll of immolation.
You block the water moccasin's attack. The porcupine bites you.
You die...

#.................# ##...##..
*#........P.##.#..## #...####.
#.......>..P###...# ##P...#.#.
#..........## ##..## #....%..%.
#..........####....# #.........
#..........##.#...P######P.....F.
**,,,,,,,..............(........H
**,,,,,,,....†...................
*,**,**,,,.####D@.#...P##........
********,,,**#.rS#########.......
***,,,,*##..#** **,#P....†..
*****,*,,,,**#..#,***,..........
*,,,,,,,,,*,*#..(,,,,...........
*,,,,,,,,,***#.††,,,,...........
**,***,,,,* *#.†.,,,,...........
*** **,,,***....†,,,,..........
*****,,,*,,,,,,,,,,,S........


You could see an eight-headed hydra (inner flame), a water moccasin (inner
flame) and a porcupine (inner flame).

Vanquished Creatures
  2 hydras
  A lindwurm (Lair:2)
  4 black mambas (Lair:3)
  8 spiny frogs
  2 komodo dragons (Lair:2)
  A troll (D:8)
  Prince Ribbit (D:7)
  5 blink frogs (Lair:1)
  Sigmund (D:2)
  19 yaks
  Edmund (D:5)
  8 water moccasins
  5 porcupines
  An orc warrior (D:8)
  3 ice beasts
  A phantom (D:4)
  A sky beast (D:7)
  2 ogres
  A necrophage (D:6)
  3 centaurs
  5 crocodiles
  6 giant frogs
  A scorpion (D:7)
  A killer bee (D:7)
  An electric eel (Lair:1)
  5 crimson imps
  2 hounds
  A gnoll shaman (D:4)
  2 jellies (D:6)
  6 orc wizards
  3 giant frog skeletons
  5 orc priests
  Terence (D:1)
  6 iguanas
  6 worker ants
  A killer bee zombie (D:6)
  8 sheep (Lair:3)
  49 gnolls
  9 adders
  3 shadow imps
  4 worms
  2 dart slugs
  3 giant geckos
  17 orcs
  14 bats
  4 giant cockroaches
  9 hobgoblins
  21 jackals
  9 kobolds
  4 quokkas
  A giant gecko skeleton (D:5)
  10 giant newts
  13 goblins
  A jackal skeleton (D:5)
  A quokka skeleton (D:6)
  13 rats
  4 plants (Lair:1)
321 creatures vanquished.

Vanquished Creatures (others)
  An orc warrior (D:5)
  An orc (D:5)
  4 fungi
  3 plants (Lair:3)
9 creatures vanquished.

Grand Total: 330 creatures vanquished

Notes
Turn   | Place    | Note
--------------------------------------------------------------
     0 | D:1      | Magifyre the Deep Elf Fire Elementalist began the quest for the Orb.
     0 | D:1      | Reached XP level 1. HP: 10/10 MP: 6/6
   316 | D:1      | Reached XP level 2. HP: 15/15 MP: 4/8
   320 | D:1      | Learned a level 2 spell: Throw Flame
   806 | D:1      | Reached XP level 3. HP: 19/19 MP: 7/9
  1702 | D:2      | Found a hide-covered altar of Uskayaw.
  1811 | D:2      | Noticed Terence
  1831 | D:1      | Killed Terence
  1831 | D:1      | Reached XP level 4. HP: 6/24 MP: 0/11
  1833 | D:1      | Noticed an ogre
  2270 | D:2      | Noticed Sigmund
  2529 | D:2      | Learned a level 3 spell: Conjure Flame
  2534 | D:2      | Learned a level 4 spell: Sticky Flame
  2551 | D:2      | Reached XP level 5. HP: 28/28 MP: 5/13
  2821 | D:2      | Killed Sigmund
  2821 | D:2      | Reached skill level 5 in Spellcasting
  2821 | D:2      | Reached skill level 5 in Fire Magic
  2821 | D:2      | Reached XP level 6. HP: 22/32 MP: 3/16
  2953 | D:3      | Found a shimmering altar of Xom.
  3020 | D:3      | Learned a level 5 spell: Fireball
  4364 | D:4      | Found a staircase to the Ecumenical Temple.
  4366 | D:4      | Found Yrepp's Distillery.
  4410 | Temple   | Entered the Ecumenical Temple
  4559 | D:4      | Reached skill level 5 in Conjurations
  4617 | D:4      | Found a radiant altar of Vehumet.
  4626 | D:4      | Became a worshipper of Vehumet
  4651 | D:4      | Found a blossoming altar of Fedhas.
  4672 | D:4      | Found an iron altar of Okawaru.
  4910 | D:4      | Reached XP level 7. HP: 36/36 MP: 17/17
  5063 | D:5      | Entered Level 5 of the Dungeon
  5162 | D:5      | Noticed Edmund
  5173 | D:5      | Killed Edmund
  5586 | D:5      | Found a sacrificial altar of Ru.
  5883 | D:5      | Reached * piety under Vehumet
  5883 | D:5      | Offered knowledge of Sandblast by Vehumet.
  5883 | D:5      | Reached skill level 1 in Shields
  5939 | D:5      | Reached XP level 8. HP: 41/41 MP: 18/18
  6140 | D:5      | Found a burning altar of Makhleb.
  6415 | D:5      | Found Tidemoqi's Book Boutique.
  7278 | D:4      | Offered knowledge of Sting by Vehumet.
  7281 | D:4      | Reached ** piety under Vehumet
  8124 | D:6      | Found an opulent altar of Gozag.
  8167 | D:6      | Reached XP level 9. HP: 43/45 MP: 22/22
  8291 | D:6      | Offered knowledge of Dazzling Spray by Vehumet.
  8365 | D:6      | Found a bloodstained altar of Trog.
  8758 | D:7      | Found an ancient bone altar of Kikubaaqudgha.
  8800 | D:7      | Noticed Joseph
  8807 | D:7      | Reached *** piety under Vehumet
  8808 | D:7      | HP: 2/45 [Joseph/sling bullet (1)]
  9374 | D:8      | Found a basalt altar of Yredelemnul.
  9383 | D:8      | Found a glowing golden altar of the Shining One.
  9620 | D:8      | Reached skill level 5 in Shields
 10042 | D:7      | Found Qudi's Weapon Emporium.
 10071 | D:7      | Reached XP level 10. HP: 50/50 MP: 25/25
 10098 | D:7      | Noticed Prince Ribbit
 10104 | D:7      | Killed Prince Ribbit
 10241 | D:7      | Offered knowledge of Ignite Poison by Vehumet.
 10380 | D:8      | Found a staircase to the Lair.
 10719 | D:8      | Noticed an angel
 10787 | Lair:1   | Entered Level 1 of the Lair of Beasts
 10900 | Lair:1   | Got a scorched hand axe
 10901 | Lair:1   | Identified the +2 hand axe of the Mouth {flame, *Rage rN+ MR+} (You found it on level 1 of the Lair of Beasts)
 10936 | Lair:1   | Noticed a spiny frog
 10941 | Lair:1   | Killed a spiny frog
 10945 | Lair:1   | Noticed a spiny frog
 10949 | Lair:1   | Killed a spiny frog
 10949 | Lair:1   | Reached skill level 10 in Fire Magic
 11145 | Lair:1   | Reached skill level 1 in Axes
 11343 | Lair:1   | Reached skill level 10 in Conjurations
 11500 | Lair:1   | Noticed a four-headed hydra
 11510 | Lair:1   | Killed a four-headed hydra
 11510 | Lair:1   | Reached skill level 10 in Spellcasting
 11863 | Lair:1   | Noticed a spiny frog
 11866 | Lair:1   | Killed a spiny frog
 11866 | Lair:1   | Reached XP level 11. HP: 54/54 MP: 21/27
 12543 | Lair:2   | Noticed an eight-headed hydra
 12543 | Lair:2   | Reached **** piety under Vehumet
 12553 | Lair:2   | Killed an eight-headed hydra
 12981 | Lair:2   | Noticed a lindwurm
 13005 | Lair:2   | Killed a lindwurm
 13336 | Lair:3   | Offered knowledge of Static Discharge by Vehumet.
 13547 | Lair:3   | Noticed an eight-headed hydra
 13722 | Lair:3   | Reached XP level 12. HP: 59/59 MP: 12/29
 13730 | Lair:3   | HP: 2/59 [eight-headed hydra (12)]
 13731 | Lair:3   | Slain by a porcupine

Vault maps used:
D:1:      dpeg_arrival_subterranean_lakeside_camping
D:2:      nicolae_overflow_crystal_walls, uniq_sigmund, uniq_terence
D:3:      lemuel_round_altar, first_bread
D:4:      lemuel_castle_with_subvaults, vehumet_altar_wand_db,
          lemuel_doored_altar, okawaru_metal_pillars_1_2, serial_shops, shop,
          hangedman_abyss_or_decor_stagger
D:5:      lemuel_ice_spiral_2, hangedman_ru_absence, serial_shops,
          shop_fountains, makhleb_heckhound_becter, uniq_edmund
D:6:      bloody_trog, grunt_gozag_statues
D:7:      old_standard_altar, serial_shops, kennysheep_little_box,
          uniq_prince_ribbit1, uniq_joseph
D:8:      grunt_temple_overflow_holy_war, lair_0_dummy
Temple:   nicolae_temple_figure_zero
Lair:1:   minivault_25, serial_bayou_shore_a
Lair:2:   nicolae_volcano_entry_vermiform
Lair:3:   shoals_dummy_entry, minmay_snake_entry_six_corridors,
          lemuel_fruit_fields

Skill      XL: |  1  2  3  4  5  6  7  8  9 10 11 |
---------------+----------------------------------+-----
Conjurations   | 2 3 4 5 7 8 10 12 | 12.0
Spellcasting   | 4 5 7 9 10 11 | 11.4
Fire Magic     | 4 5 6 7 9 10 12 | 12.2
Shields        | 1 3 5 |  5.2
Axes           | 2 4 |  4.0
Dodging        | |  2.4
Stealth        | |  2.4

Action                   |  1- 3 |  4- 6 |  7- 9 | 10-12 || total
-------------------------+-------+-------+-------+-------++-------
Melee: Unarmed           |    16 |       |       |       ||    16
       Great mace        |     6 |     2 |       |       ||     8
       Spear             |       |    11 |    53 |     4 ||    68
 Cast: Flame Tongue      |    65 |    88 |   198 |    64 ||   415
       Throw Flame       |    29 |    32 |    92 |    19 ||   172
       Conjure Flame     |       |     3 |    18 |     5 ||    26
       Sticky Flame      |       |     2 |    10 |    10 ||    22
       Fireball          |       |       |    11 |    84 ||    95
  Use: Scroll            |       |     6 |     3 |     6 ||    15
  Eat: Chunk             |     4 |    10 |    19 |    20 ||    53
       Pizza             |       |       |       |     1 ||     1
       Royal jelly       |       |       |       |     1 ||     1
Armor: Robe              |    14 |       |    22 |     6 ||    42
Dodge: Dodged            |    43 |    17 |    48 |    11 ||   119
Block: Buckler           |       |       |     5 |     7 ||    12
